 Dungeon Crawl Stone Soup version 0.20.1-1-g8b1a95d (webtiles) character file.

25 Nattfarinn the Vexing (level 2, -1/15 HPs)
             Began as a Deep Elf Enchanter on Aug 1, 2017.
             Slain by a goblin
             ... wielding a +0 club
              (2 damage)
             ... on level 2 of the Dungeon.
             The game lasted 00:03:18 (1650 turns).

Nattfarinn the Vexing (Deep Elf Enchanter)          Turns: 1650, Time: 00:03:19

Health: -1/15      AC:  7    Str:  5    XL:     2   Next: 86%
Magic:  8/8        EV:  6    Int: 22    God:
Gold:   45         SH:  6    Dex: 15    Spells: 6/7 levels left

rFire    . . .     SeeInvis .   a - +1 dagger
rCold    . . .     Gourm    .   k - +0 shield
rNeg     . . .     Faith    .   f - +1 ring mail {MR+}
rPois    .         Spirit   .   (no helmet)
rElec    .         Reflect  .   (no cloak)
rCorr    .         Harm     .   (no gloves)
MR       +....                  u - +0 pair of boots
Stlth    ++........             (no amulet)
Regen    0.1/turn               i - +3 ring of intelligence
MPRegen  0.2/turn               (no ring)

@: no status effects
A: no striking features
a: no special abilities


You were on level 2 of the Dungeon.
You were not hungry.

You visited 1 branch of the dungeon, and saw 2 of its levels.

You collected 45 gold pieces.

Inventory:

Hand Weapons
 a - a +1 dagger (weapon)
Armour
 b - a +0 robe
 f - a +1 ring mail of magic resistance (worn)
 k - a +0 shield (worn)
 u - a +0 pair of boots (worn)
Jewellery
 i - a +3 ring of intelligence (left hand)
Wands
 o - a wand of flame (19/48)
Scrolls
 h - 2 scrolls of identify {unknown}
 l - 2 scrolls of magic mapping {unknown}
 m - a scroll of teleportation {unknown}
 n - a scroll of random uselessness {unknown}
 q - a scroll of remove curse {unknown}
 s - a scroll of recharging {unknown}
Potions
 e - a potion of lignification {unknown}
 g - a potion of magic {unknown}
 j - a potion of invisibility {unknown}
 r - a potion of agility {unknown}
Books
 c - a book of Maledictions

   Spells                             Type                      Level
   a - Corona                         Hexes                        1
   b - Ensorcelled Hibernation        Hexes/Ice                    2
   c - Confuse                        Hexes                        3
   d - Tukima's Dance                 Hexes                        3
   e - Dazzling Spray                 Conjuration/Hexes            3
Comestibles
 d - 2 bread rations
 p - 2 meat rations
 t - 7 fruits


   Skills:
 * Level 1.6 Short Blades
 - Level 2.4 Dodging
 * Level 4.4 Stealth
 - Level 3.0 Spellcasting
 + Level 4.5 Hexes


You had 6 spell levels left.
You knew the following spells:

 Your Spells              Type           Power        Failure   Level  Hunger
a - Corona                Hex            ###....      54%         1    None


Dungeon Overview and Level Annotations

Branches:
Dungeon (2/15)

Altars:
Kikubaaqudgha


Message History

You block the rat's attack. The adder bites you. You block the goblin's attack.
You closely miss the adder.
The adder is lightly wounded.
The adder bites you. The kobold hits you but does no damage.
The rat bites you but does no damage. The adder bites you but does no damage.
You are too injured to fight recklessly!
You are too injured to fight recklessly!
The rat bites you but does no damage. The rat bites you but does no damage.
The rat bites you.
* * * LOW HITPOINT WARNING * * *
You block the goblin's attack. The adder bites you but does no damage.
There is a stone staircase leading up here.
There are no items here.
Unknown command.
The adder bites you.
* * * LOW HITPOINT WARNING * * *
The goblin hits you with a club.
You die...

.. #.#.# #..#..# #.
#.#.# ###..## .. #.#.#
##.## ..#.# ##..)##
###.# ##.###.##
#.#####.## ##.###
#.......# #...#
#.....#.## ##.#.#
####..@..##.###.##.#
#....gSK..##...###.#
#.....r.......## #.#
##.....>...)....# #.#
##...............# #.#
.................###.#
#####.............(..#
...#...##.......#####
##.##............#


You could see an adder, a goblin, a kobold and a rat.

Vanquished Creatures
  An ooze (D:1)
  A dart slug (D:1)
  A leopard gecko (D:1)
  5 goblins
  2 hobgoblins
  A kobold (D:1)
  2 quokkas (D:2)
  A frilled lizard (D:1)
  2 rats (D:1)
16 creatures vanquished.

Notes
Turn   | Place    | Note
-------+----------+-------------------------------------------
     0 | D:1      | Nattfarinn the Deep Elf Enchanter began the quest for the Orb.
     0 | D:1      | Reached XP level 1. HP: 10/10 MP: 6/6
   216 | D:1      | Reached XP level 2. HP: 6/15 MP: 8/8
  1588 | D:2      | Found an ancient bone altar of Kikubaaqudgha.
  1650 | D:2      | Slain by a goblin

Skill      XL: |  1 |
---------------+----+-----
Stealth        | 4 |  4.4
Short Blades   | |  1.6
Dodging        | |  2.4
Spellcasting   | |  3.0
Hexes          | |  4.5

Action                   || total
-------------------------++-------
Melee: Dagger            ||   134
 Stab: Sleeping          ||     2
  Eat: Chunk             ||     2
Armor: Ring mail         ||    48
Dodge: Dodged            ||    41
Block: Shield            ||    33
